 Dungeon Crawl Stone Soup version 0.27.1-34-g3ba077fa99 (webtiles) character file.

Game seed: 16437165112929598318

42 Delamore the Sneak (level 3, -1/24 HPs)
             Began as an Octopode Brigand on Feb 11, 2022.
             Killed from afar by a dart slug (3 damage)
             ... with a slug dart
             ... on level 2 of the Dungeon.
             The game lasted 00:01:03 (1777 turns).

Delamore the Sneak (Octopode Brigand)               Turns: 1777, Time: 00:01:04

Health: -1/24      AC:  1    Str: 10    XL:     3   Next: 54%
Magic:  12/12      EV: 12    Int: 13    God:
Gold:   20         SH:  0    Dex: 14    Spells: 2/2 levels left

rFire    . . .     SeeInvis .   a - +2 dagger
rCold    . . .     Faith    .   (no shield)
rNeg     . . .     Spirit   .   (helmet restricted)
rPois    .         Reflect  .   (no amulet)
rElec    .         Harm     .   h - ring of magical power
rCorr    .         Rampage  .   (no ring)
Will     .....                  (no ring)
Stlth    ++++......             (no ring)
HPRegen  0.08/turn              (no ring)
MPRegen  0.13/turn              (no ring)
                                (no ring)
                                (no ring)

@: no status effects
A: almost no armour, amphibious, 8 rings, camouflage 1, gelatinous body 1,
(nimble swimmer 1), tentacles
a: no special abilities


You were on level 2 of the Dungeon.
You visited 1 branch of the dungeon, and saw 2 of its levels.

You collected 20 gold pieces.

Inventory:

Hand Weapons
 a - a +2 dagger (weapon)
Missiles
 b - 8 poisoned darts (quivered)
 c - 2 curare-tipped darts
Jewellery
 h - a ring of magical power (left tentacle)
Scrolls
 f - a scroll of immolation {unknown}
Potions
 d - a potion of brilliance {unknown}
 e - a potion of curing {unknown}
 g - a potion of resistance {unknown}


   Skills:
 - Level 2.0 Fighting
 + Level 2.6 Short Blades
 - Level 2.0 Throwing
 - Level 1.0 Dodging
 * Level 6.6 Stealth


You had 2 spell levels left.
You didn't know any spells.
Your spell library was empty.

Dungeon Overview and Level Annotations

Branches:
Dungeon (2/15)

Altars:

Annotations:
D:2 Robin


Innate Abilities, Weirdness & Mutations

You cannot wear most types of armour.
You are amphibious.
You can wear up to eight rings at the same time.
Your skin changes colour to match your surroundings (Stealth+).
Your rubbery body absorbs attacks. (AC +1, EV +1)
((You are camouflaged near water. (Stealth+)))
You have tentacles for arms and can constrict up to eight enemies at once.


Message History

Robin says, "Feeling lonely?"
The goblin closely misses you.
You see here a +0 dagger.
You hit the goblin. Your grab misses the goblin.
The goblin is moderately wounded.
The goblin hits you with a +0 club.
You barely miss the goblin. Your grab misses the goblin.
You squeeze the goblin.
You kill the goblin!
The goblin hits you with a +0 club.
The goblin unwields a +0 dagger.
The goblin wields a +0 hunting sling.
The goblin shoots a stone.
The stone hits you.
You hit the goblin. Your grab misses the goblin.
Your squeeze misses the goblin.
The goblin is moderately wounded.
The goblin hits you with a +0 club.
A goblin comes into view. It is wielding a +0 club.
The goblin misses you. The goblin hits you with a +0 club.
You hit the goblin. Your grab misses the goblin.
The goblin is severely wounded.
The goblin hits you with a +0 club. x2
You are too injured to fight recklessly!
You are too injured to fight recklessly!
You are too injured to fight recklessly!
You are too injured to fight recklessly!
You are too injured to fight recklessly!
You are too injured to fight recklessly!
You are too injured to fight recklessly!
The goblin hits you with a +0 club.
* * * LOW HITPOINT WARNING * * *
The goblin hits you with a +0 club.
* * * LOW HITPOINT WARNING * * *
Robin throws the goblin at you!
* * * LOW HITPOINT WARNING * * *
As you read the scroll of fear, it crumbles to dust.
You assume a fearsome visage.
Robin looks frightened!
The goblin looks frightened! x6
The dart slug launches a dart at you. The slug dart hits you.
You die...

# .♣♣.♣♣........##.......#......
g......#........#........#......
....#...........#...............
......)#♣.♣.....#...............
#.[...÷.........#...............
#....g♣.♣.♣.....#...##+.#.......
....g.....#...÷#####♣♣♣.♣.......
......♣.♣.♣....###..♣...♣......)
...g..))w......@.)..♣♣P.P.......
.g.....#♣.♣............P♣.......
..........#.........♣♣♣♣♣.......
.....................#.#........
...gPPP....#..##+#...#.#....####
##...P.....#..##+#...#.#....+...
#...P.P...#.........#.#..).####
...♣♣g..............'....<.....
P..........#.#....)...


You could see a dart slug.

Vanquished Creatures
  An adder (D:2)
  An endoplasm (D:1)
  A giant cockroach (D:1)
  6 goblins (D:2)
  8 hobgoblins
  A quokka (D:2)
  3 ball pythons
  3 bats
  3 kobolds
27 creatures vanquished.

Notes
Turn   | Place    | Note
-------+----------+-------------------------------------------
     0 | D:1      | Delamore the Octopode Brigand began the quest for the Orb.
     0 | D:1      | Reached XP level 1. HP: 14/14 MP: 1/1
   387 | D:1      | Reached XP level 2. HP: 15/19 MP: 2/2
   803 | D:1      | Reached skill level 6 in Stealth
  1313 | D:2      | Reached XP level 3. HP: 22/24 MP: 3/3
  1762 | D:2      | Noticed Robin
  1777 | D:2      | Killed from afar by a dart slug

Illustrated notes

Levels and vault maps discovered:
D:1:      dpeg_arrival_line_fractal, layout_loops_corners,
          kennysheep_decorative_pillar
D:2:      layout_basic, basic_altar, serial_forest,
          infiniplex_forest_lined_corner, infiniplex_forest_corner_1,
          infiniplex_forest_lined_3_way, infiniplex_forest_clump_double,
          infiniplex_forest_clump_cross, infiniplex_forest_straight_4,
          infiniplex_forest_straight_5, minivault_25, nicolae_underground_beach,
          uniq_robin

Skill      XL: |  1  2 |
---------------+-------+-----
Stealth        | 6 |  6.6
Fighting       | |  2.0
Short Blades   | |  2.6
Throwing       | |  2.0
Dodging        | |  1.0

Action                   || total
-------------------------++-------
Melee: Dagger            ||    61
       Constrict         ||    15
       Tentacles         ||     8
  Use: Scroll            ||     2
 Stab: Sleeping          ||     5
Armor: Skin              ||     5
Dodge: Dodged            ||    20
